 Dungeon Crawl Stone Soup version 0.26.0-10-g1f06aea511 (webtiles) character file.

Game seed: 12778368640739121535

3853 Borgoz the Slasher (level 10, -8/84 HPs)
             Began as a Ghoul Gladiator on Jan 15, 2021.
             Mangled by an orc warrior
             ... wielding a +0 trident
              (14 damage)
             ... in a bailey.
             The game lasted 00:14:27 (10077 turns).

Borgoz the Slasher (Ghoul Gladiator)               Turns: 10077, Time: 00:14:28

Health: -8/84      AC: 19    Str: 25    XL:     10   Next: 18%
Magic:  9/9        EV: 16    Int:  3    God:
Gold:   443        SH:  0    Dex: 13    Spells: 9/9 levels left

rFire    . . .     SeeInvis .   v - +2 falchion (protect)
rCold    + . .     Faith    .   (no shield)
rNeg     + + +     Spirit   .   g - +3 leather armour {Will+}
rPois    ∞         Reflect  .   c - +0 helmet
rElec    .         Harm     .   u - +0 cloak
rCorr    .         Rampage  .   e - +0 pair of gloves
Will     ++...                  p - +0 pair of boots
Stlth    +.........             (no amulet)
HPRegen  0.00/turn              w - ring of willpower
MPRegen  0.11/turn              o - +6 ring of strength

@: protection aura
A: claws 1, cold resistance 1, negative energy resistance 3, inhibited
regeneration, torment resistance, unbreathing
a: no special abilities


You were in a bailey.
You visited 2 branches of the dungeon, and saw 9 of its levels.
You also visited: Bailey.

You collected 443 gold pieces.

Inventory:

Hand Weapons
 a - a +1 long sword
 v - a +2 falchion of protection (weapon)
Armour
 c - a +0 helmet (worn)
 e - a +0 pair of gloves (worn)
 g - a +3 leather armour of willpower (worn)
 p - a +0 pair of boots (worn)
 u - a +0 cloak (worn)
Jewellery
 d - a +4 ring of protection
 j - an uncursed ring of ice
 o - a +6 ring of strength (right hand)
 w - a ring of willpower (left hand)
Wands
 q - a wand of acid (8)
 s - a wand of digging (5)
Scrolls
 f - 4 scrolls of remove curse
 h - 2 scrolls of fog
 i - a scroll of identify
 k - 3 scrolls of teleportation
 n - a scroll of enchant armour
 r - a scroll of magic mapping
 t - a scroll of silence
Potions
 b - a potion of might
 l - 2 potions of flight
 m - a potion of haste


   Skills:
 + Level 6.3 Fighting
 * Level 7.6 Long Blades
 - Level 1.7 Throwing
 * Level 7.0 Armour
 * Level 7.4 Dodging


You had 9 spell levels left.
You didn't know any spells.
Your spell library contained the following spells:

 Spells                   Type           Power        Failure   Level
 Foxfire                  Conj/Fire      0%           56%         1
 Magic Dart               Conj           0%           56%         1
 Sandblast                Erth           0%           56%         1
 Blink                    Tloc           N/A          71%         2
 Call Imp                 Summ           0%           71%         2
 Passwall                 Tmut/Erth      0%           71%         2
 Slow                     Hex            0%           71%         2
 Conjure Flame            Conj/Fire      0%           90%         3
 Inner Flame              Hex/Fire       0%           90%         3
 Mephitic Cloud           Conj/Pois/Air  0%           90%         3
 Stone Arrow              Conj/Erth      0%           90%         3
 Petrify                  Tmut/Erth      0%           100%        4
 Sticky Flame             Conj/Fire      0%           100%        4
 Fireball                 Conj/Fire      0%           100%        5
 Lee's Rapid Deconstruct  Erth           0%           100%        5
 Beastly Appendage        Tmut           Unusable     N/A         1
 Wereblood                Tmut           Unusable     N/A         2
 Spider Form              Tmut/Pois      Unusable     N/A         3
 Ice Form                 Ice/Tmut       Unusable     N/A         4
 Blade Hands              Tmut           Unusable     N/A         5

Dungeon Overview and Level Annotations

Branches:
Dungeon (8/15)             Temple (1/1) D:5          Bailey (1/1)
   Lair: D:8-11

Altars:
Ashenzari
Cheibriados
Dithmenos
Elyvilon
Fedhas
Gozag
Hepliaklqana
Kikubaaqudgha
Makhleb
Okawaru
Qazlal
Sif Muna
Trog
Uskayaw
Vehumet
Wu Jian
Yredelemnul
Zin


Innate Abilities, Weirdness & Mutations

You thrive by killing the living.
You are immune to poison.
You have sharp fingernails.
Your flesh is cold resistant. (rC+)
You are immune to negative energy. (rN+++)
You do not regenerate when monsters are visible.
You are immune to unholy pain and torment.
You can survive without breathing.


Message History

You closely miss the orc warrior.
The orc warrior is heavily wounded.
The orc warrior barely misses you. x2
You barely miss the orc warrior.
The orc warrior is heavily wounded.
The orc warrior barely misses you.
You riposte.
You barely miss the orc warrior.
The orc warrior is heavily wounded.
You hit the orc warrior but do no damage.
The orc warrior is heavily wounded.
The orc warrior hits you but does no damage. x2
You barely miss the orc warrior.
The orc warrior is heavily wounded.
The orc warrior completely misses you.
You hit the orc warrior but do no damage.
The orc warrior is heavily wounded.
The orc warrior hits you with a +0 trident!
* * * LOW HITPOINT WARNING * * *
The orc warrior hits you from afar with a +0 trident!
You die...

##o≈.≈≈..≈≈≈≈≈..≈≈..⌠≈
#.≈≈.≈≈≈.....≈≈≈...≈≈ .
#..≈≈..≈≈≈≈≈≈≈....≈≈#
..
#.⌠.≈≈≈.......≈≈..≈##
...##....≈≈≈≈≈≈≈≈≈.).≈#
....#####.....))))...≈#
.......⌠##########'####
#....o.)..............#
#.....@o............##
##≈≈≈≈≈≈≈≈≈≈≈≈≈≈≈≈≈##
###################


You could see 2 orc warriors.

Vanquished Creatures
  Maggie (D:7)
  A komodo dragon (D:7)
  Prince Ribbit (D:7)
  Sigmund (D:3)
  Eustachio (D:4)
  Duvessa (D:5)
  3 orc warriors
  A black bear (D:7)
  A phantom (D:7)
  5 ogres
  4 centaurs
  Blork the orc (D:5)
  A bullfrog (D:7)
  Dowan (D:5)
  2 scorpions
  4 killer bees (D:7)
  3 wights (D:8)
  2 howler monkeys
  A centaur zombie (D:7)
  2 orc priests
  2 hounds
  A bullfrog skeleton (D:7)
  A gnoll shaman (D:8)
  3 iguanas
  Terence (D:2)
  4 worker ants
  5 orc wizards
  A worker ant zombie (D:6)
  3 gnolls (D:8)
  10 adders
  A shadow imp (D:6)
  5 white imps
  An ufetubus (D:6)
  An adder zombie (D:7)
  9 leopard geckos
  36 orcs
  2 ball pythons
  5 bats
  4 giant cockroaches
  11 hobgoblins
  19 jackals
  5 quokkas
  5 frilled lizards
  8 goblins
  A jackal skeleton (D:4)
  3 kobolds
  A leopard gecko skeleton (D:7)
  10 rats
195 creatures vanquished.

Vanquished Creatures (others)
  10 plants (D:7)
10 creatures vanquished.

Grand Total: 205 creatures vanquished

Notes
Turn   | Place    | Note
-------+----------+-------------------------------------------
     0 | D:1      | Borgoz the Ghoul Gladiator began the quest for the Orb.
     0 | D:1      | Reached XP level 1. HP: 17/17 MP: 0/0
   208 | D:1      | Reached XP level 2. HP: 22/25 MP: 1/1
   701 | D:1      | Reached skill level 1 in Armour
   858 | D:2      | Reached XP level 3. HP: 29/30 MP: 2/2
  1306 | D:2      | Noticed Terence
  1321 | D:2      | Killed Terence
  1322 | D:2      | Reached XP level 4. HP: 27/37 MP: 3/3
  1561 | D:2      | Found a burning altar of Makhleb.
  2329 | D:3      | Reached XP level 5. HP: 27/42 MP: 4/4
  2870 | D:3      | Noticed Sigmund
  2950 | D:3      | HP: 1/45 [something (8)]
  3567 | D:3      | Found an opulent altar of Gozag.
  3663 | D:3      | Killed Sigmund
  3664 | D:3      | Reached XP level 6. HP: 30/51 MP: 5/5
  3976 | D:4      | Noticed Eustachio
  4433 | D:4      | Reached XP level 7. HP: 44/57 MP: 6/6
  4598 | D:5      | Entered Level 5 of the Dungeon
  4622 | D:5      | Found a staircase to the Ecumenical Temple.
  4635 | Temple   | Entered the Ecumenical Temple
  5021 | D:5      | Noticed Blork the orc
  5032 | D:5      | Killed Blork the orc
  5437 | D:5      | Noticed Dowan
  5437 | D:5      | Noticed Duvessa
  5459 | D:5      | Killed Duvessa
  5466 | D:5      | Killed Dowan
  5467 | D:5      | Reached skill level 5 in Long Blades
  5628 | D:5      | Found a white marble altar of Elyvilon.
  5758 | D:5      | Reached skill level 5 in Dodging
  5758 | D:5      | Reached XP level 8. HP: 55/66 MP: 7/7
  6748 | D:7      | Reached skill level 5 in Armour
  6857 | D:6      | Reached skill level 5 in Fighting
  6862 | D:6      | Reached XP level 9. HP: 69/74 MP: 8/8
  7200 | D:7      | Noticed Maggie
  7226 | D:7      | Killed Maggie
  7541 | D:7      | Noticed a komodo dragon
  8082 | D:4      | Killed Eustachio
  8945 | D:7      | Noticed Prince Ribbit
  8962 | D:7      | Killed Prince Ribbit
  9103 | D:7      | Found a broken altar of Ashenzari.
  9136 | D:7      | Found a shadowy altar of Dithmenos.
  9251 | D:7      | Killed a komodo dragon
  9252 | D:7      | Reached XP level 10. HP: 34/83 MP: 9/9
  9908 | D:8      | Found a flagged portal.
  9929 | Bailey   | Entered a bailey
 10077 | Bailey   | Mangled by an orc warrior

Illustrated notes

Levels and vault maps discovered:
D:1:      amcnicky_arrival_gap_in_the_tavern_cellar, layout_loops_ring
D:2:      layout_loops_corners, nicolae_overflow_crystal_walls,
          patterned_corridor, uniq_terence
D:3:      layout_basic, lemuel_crystal_altar, minmay_misc_feat_doors,
          uniq_sigmund
D:4:      kennysheep_spiral_hall, layout_basic, uniq_eustachio
D:5:      layout_gridville, lemuel_doored_altar, minmay_temple_entry_offerings,
          grunt_decor_mini_mirrors, uniq_duvessa, uniq_blork_the_orc
D:6:      layout_basic, st_stairs_12, chequers_serial_rivers_small_a
D:7:      layout_basic, grunt_dithmenos_smoke, nicolae_overflow_hidden_temple,
          minmay_lizard_king, uniq_prince_ribbit1, uniq_maggie
D:8:      layout_loops_corners, enter_bailey_4, uniq_maurice
Temple:   dshaligram_water_room_temple
Bailey:   bailey_polearm_flooded_kennysheep, bailey

Skill      XL: |  1  2  3  4  5  6  7  8  9 10 |
---------------+-------------------------------+-----
Long Blades    | 3 4 5 6 7 |  7.6
Armour         | 1 2 3 4 5 6 7 |  7.0
Dodging        | 3 4 5 7 |  7.4
Fighting       | 3 4 5 6 |  6.3
Throwing       | |  1.7

Action                   |  1- 3 |  4- 6 |  7- 9 | 10-12 || total
-------------------------+-------+-------+-------+-------++-------
Melee: Long sword        |    99 |   182 |   339 |       ||   620
       Falchion          |       |       |    91 |   124 ||   215
Throw: Throwing net      |       |     4 |       |       ||     4
  Use: Scroll            |     4 |    11 |     7 |     2 ||    24
       Potion            |       |     7 |     6 |     3 ||    16
 Stab: Held in net/web   |       |     4 |       |       ||     4
Armor: Leather armour    |    35 |   121 |   188 |    74 ||   418
Dodge: Dodged            |    73 |   193 |   398 |   207 ||   871
       Rpst.: Long sword |    34 |    48 |    84 |       ||   166
       Falchion          |       |       |    29 |    21 ||    50
